 Dungeon Crawl Stone Soup version 0.31.0-9-g3a7656b989 (webtiles) character file.

Game seed: 13920427924597516413

261 qw the Skirmisher (level 5, 0/29 HPs)
             Began as a Deep Elf Hunter on Feb 2, 2024.
             Was an Initiate of Okawaru.
             Succumbed to an orc wizard's poison
             ... on level 4 of the Dungeon.
             The game lasted 00:00:06 (2107 turns).

qw the Skirmisher (Deep Elf Hunter)                 Turns: 2107, Time: 00:00:07

Health: 0/29       AC:  5    Str: 16    XL:     5   Next: 96%
Magic:  7/7        EV: 11    Int: 14    God:    Okawaru [......]
Gold:   54         SH:  0    Dex: 18    Spells: 4/4 levels left

rFire   . . .        a - +0 shortbow (drain)
rCold   . . .        (shield currently unavailable)
rNeg    . . .        j - +0 ring mail
rPois   .            (no helmet)
rElec   .            (no cloak)
rCorr   .            (no gloves)
SInv    .            (no boots)
Will    .....        b - amulet of regeneration
Stlth   +            d - +6 ring of strength
HPRegen 1.04/turn    (no ring)
MPRegen 0.10/turn

%: no passive effects
@: lethally poisoned (0 -> -10)
A: no striking features
a: Renounce Religion


You were on level 4 of the Dungeon.
You worshipped Okawaru.
Okawaru was noncommittal.
You visited 1 branch of the dungeon, and saw 4 of its levels.

You collected 111 gold pieces.
You spent 57 gold pieces at shops.


   Skills:
 + Level 1.6 Fighting
 - Level 9.5 Ranged Weapons
 - Level 2.4 Dodging
 - Level 1.2 Stealth


You had 4 spell levels left.
You didn't know any spells.
Your spell library was empty.

Inventory:

Hand Weapons
 a - a +0 shortbow of draining (weapon)
Armour
 j - a +0 ring mail (worn)
Jewellery
 b - an amulet of regeneration (around neck)
 d - a +6 ring of strength (left hand)
 g - an amulet of magic regeneration
Potions
 c - a potion of cancellation {unknown}
 e - a potion of attraction {unknown}
 f - 2 potions of curing
 i - a potion of might

Dungeon Overview and Level Annotations

Branches:
Dungeon (4/15)
 Temple: D:4-7

Altars:
Hepliaklqana
Nemelex Xobeh
Okawaru
Sif Muna
Wu Jian

Shops:
D:1 *   D:2 *


Message History

The hound bites you but does no damage. The hound closely misses you.
You shoot an arrow. The arrow hits the orc wizard.
You drain the orc wizard.
The orc wizard is severely wounded.
The hound bites you but does no damage.
The orc wizard hits you with a +0 dagger of venom.
You shoot an arrow. The arrow barely misses the orc wizard.
The hound barely misses you.
The orc wizard hits you but does no damage.
The hound bites you but does no damage.
You shoot an arrow. The arrow misses the orc wizard.
The hound closely misses you.
The orc wizard hits you but does no damage.
You are poisoned.
The hound stops to sniff the ground.
The hound bites you.
You shoot an arrow.
The arrow closely misses the orc wizard.
You feel sick. The orc wizard misses you.
A dart slug comes into view.
The hound bites you.
You shoot an arrow. The arrow hits the orc wizard.
The orc wizard is almost dead.
You feel sick. The hound bites you but does no damage.
The orc wizard hits you with a +0 dagger of venom.
The hound bites you.
You shoot an arrow. The arrow barely misses the orc wizard.
You feel sick.
The orc wizard hits you with a +0 dagger of venom.
You are more poisoned.
The hound bites you but does no damage.
You shoot an arrow.
The arrow closely misses the orc wizard.
You feel very sick. The hound bites you but does no damage.
The orc wizard hits you but does no damage.
You are lethally poisoned!
The hound bites you.
You shoot an arrow.
The arrow closely misses the orc wizard.
You die...

###.##......###
#...##..#####........#
#...'................#
#...####.####.#.......
#...#.......#.#..... .
#...#.......#.#....w.
#####.......#.#..#.#
#.......#.#o...#
#........>@h...#
#................#
#.......###.####.#
#.......# .# #######.#
.# #.# .. #.# ## ..#


You could see a hound, an orc wizard (very drained) and a dart slug.

Vanquished Creatures
  A black bear (D:3)
  An ice beast (D:4)
  4 gnolls (D:4)
  A dart slug (D:1)
  A ribbon worm (D:2)
  3 orcs (D:4)
  5 endoplasms
  A giant cockroach (D:2)
  2 goblins (D:1)
  2 hobgoblins
  3 quokkas
  3 ball pythons
  5 bats
  4 frilled lizards
  3 kobolds
  A rat (D:2)
40 creatures vanquished.

Notes
Turn   | Place    | Note
-------+----------+-------------------------------------------
     0 | D:1      | qw the Deep Elf Hunter began the quest for the Orb.
     0 | D:1      | Reached XP level 1. HP: 12/12 MP: 3/3
     0 | D:1      | 0 ||| qw: Version: 0.3-a-155-g5e7d8dd
     0 | D:1      | 0 ||| qw: Game counter: 679
     0 | D:1      | 0 ||| qw: Melee chars always use a shield: true
     0 | D:1      | 0 ||| qw: God list: Okawaru
     0 | D:1      | 0 ||| qw: Allow faded altars: false
     0 | D:1      | 0 ||| qw: Do Orc after clearing Dungeon:15 true
     0 | D:1      | 0 ||| qw: Do second Lair branch before Depths: true
     0 | D:1      | 0 ||| qw: Lair rune preference: random
     0 | D:1      | 0 ||| qw: Goals: Normal
     0 | D:1      | 0 ||| PLANNING D:1-11
   191 | D:1      | Found Bemotso's Assorted Antiques.
   199 | D:1      | 199 ||| SHOPLISTING bubbling inky potion (19 gold, have
                  | 11).
   199 | D:1      | 199 ||| SHOPLISTING lead wand (88 gold, have 11).
   199 | D:1      | 199 ||| SHOPLISTING pair of gloves (99 gold, have 11).
   199 | D:1      | 199 ||| SHOPLISTING scroll labelled ATYG WIRAWUSIE (22
                  | gold, have 11).
   199 | D:1      | 199 ||| SHOPLISTING scroll labelled FODONT YPLIC (22 gold,
                  | have 11).
   199 | D:1      | 199 ||| SHOPLISTING scroll labelled GUKOOP COONN (22 gold,
                  | have 11).
   264 | D:1      | Reached XP level 2. HP: 16/16 MP: 4/4
   268 | D:1      | Reached skill level 6 in Ranged Weapons
   636 | D:1      | 636 ||| UPGRADING to +0 ring mail.
   646 | D:1      | 646 ||| DROPPING +0 leather armour.
   647 | D:1      | 647 ||| READING scroll labelled ZASICK ROACW.
   647 | D:1      | 647 ||| BRANDING +0 shortbow.
   648 | D:1      | 648 ||| READING scroll labelled GUKOOP COONN.
   648 | D:1      | 648 ||| IDENTIFYING white potion
   649 | D:1      | 649 ||| READING scroll labelled LOODEPLAOXIU.
   650 | D:1      | 650 ||| DROPPING scroll of butterflies.
   834 | D:2      | Found Foweinap's Assorted Antiques.
   842 | D:2      | 842 ||| BUYING 3 scrolls labelled ESHEX SARUARPH (57 gold).
   842 | D:2      | Bought 3 scrolls labelled ESHEX SARUARPH for 57 gold pieces
   842 | D:2      | 842 ||| SHOPLISTING garnet ring (95 gold, have 5).
   842 | D:2      | 842 ||| SHOPLISTING potion of curing (57 gold, have 5).
   842 | D:2      | 842 ||| SHOPLISTING scroll labelled IMOANU BAOVESE (19
                  | gold, have 5).
   842 | D:2      | 842 ||| SHOPLISTING scroll of identify (38 gold, have 5).
  1297 | D:2      | 1297 ||| DROPPING +6 ring of intelligence.
  1298 | D:2      | 1298 ||| READING 2 scrolls of identify.
  1298 | D:2      | 1298 ||| IDENTIFYING blue potion
  1299 | D:2      | 1299 ||| READING scroll of identify.
  1299 | D:2      | 1299 ||| IDENTIFYING green potion
  1300 | D:2      | 1300 ||| READING scroll labelled NITUVAY WOHI.
  1305 | D:2      | 1305 ||| READING 3 scrolls labelled ESHEX SARUARPH.
  1306 | D:2      | 1306 ||| DROPPING 2 scrolls of blinking.
  1307 | D:2      | 1307 ||| DROPPING potion of brilliance.
  1371 | D:3      | Reached XP level 3. HP: 20/20 MP: 5/5
  1452 | D:3      | Noticed a black bear
  1458 | D:3      | HP: 5/20 [black bear (3)]
  1459 | D:3      | Killed a black bear
  1460 | D:3      | Reached skill level 8 in Ranged Weapons
  1460 | D:3      | Reached XP level 4. HP: 6/25 MP: 6/6
  1543 | D:3      | Found an iron altar of Okawaru.
  1544 | D:3      | 1544 ||| PLANNING OKAWARU WORSHIP
  1544 | D:3      | 1544 ||| UPGRADING to +6 ring of strength.
  1545 | D:3      | 1545 ||| READING scroll labelled AHYCUD HIANUT MIL.
  1554 | D:3      | Became a worshipper of Warmaster Okawaru
  1555 | D:3      | 1555 ||| PLANNING D:1-11
  1568 | D:3      | Found a sparkling altar of Nemelex Xobeh.
  1623 | D:3      | Found an ornate altar of the Wu Jian Council.
  1757 | D:3      | Found a shimmering blue altar of Sif Muna.
  1884 | D:3      | 1884 ||| UPGRADING to amulet of regeneration.
  1950 | D:4      | Reached XP level 5. HP: 29/29 MP: 7/7
  2000 | D:4      | Found a hazy altar of Hepliaklqana.
  2072 | D:4      | Noticed an ice beast
  2080 | D:4      | Killed an ice beast
  2081 | D:4      | Reached skill level 9 in Ranged Weapons
  2106 | D:4      | HP: 4/29 [hound (4)]
  2107 | D:4      | Succumbed to an orc wizard's poison

Levels and vault maps discovered:
D:1:      roderic_dead_forest, layout_loops_ring, serial_shops, shop
D:2:      layout_loops_ring, serial_shops, shop
D:3:      layout_basic, mainiacjoe_overflow_alcove_1,
          mainiacjoe_overflow_small_starburst, general_overflow_altar,
          nemelex_altar_shiori
D:4:      layout_basic, nicolae_hepliaklqana_hippocampus, serial_glass,
          glass_columns_c, glass_columns_a, nicolae_shop_gadgets,
          uniq_crazy_yiuf_cottage

Skill      XL: |  1  2  3  4  5 |
---------------+----------------+-----
Ranged Weapons | 6 8 9 |  9.5
Fighting       | |  1.6
Dodging        | |  2.4
Stealth        | |  1.2

Action                     |  1- 3 |  4- 6 || total
---------------------------+-------+-------++-------
   Fire: Shortbow          |    78 |    49 ||   127
    Use: Scroll            |     7 |     1 ||     8
 Armour: Ring mail         |    13 |    26 ||    39
         Leather armour    |     4 |       ||     4
  Dodge: Dodged            |    11 |     9 ||    20

Table legend:
 A = Non-vault XP
 B = Vault XP
 C = Vault XP percentage of total XP
 D = Non-vault monster count
 E = Vault monster count
 F = Vault count percentage of total count
                 A         B        C        D         E       F
            +---------+---------+-------+---------+---------+-------
      Total |     374 |       0 |   0.0 |      40 |       0 |   0.0
            +---------+---------+-------+---------+---------+-------
        D:1 |      22 |       0 |   0.0 |      13 |       0 |   0.0
        D:2 |      18 |       0 |   0.0 |      10 |       0 |   0.0
        D:3 |     140 |       0 |   0.0 |       7 |       0 |   0.0
        D:4 |     194 |       0 |   0.0 |      10 |       0 |   0.0
            +---------+---------+-------+---------+---------+-------
